 Dungeon Crawl Stone Soup version 0.27.1-3-gb3d3a73c9e (webtiles) character file.

Game seed: 8162906584489507400

98 Gabide the Ruffian (level 5, 0/42 HPs)
             Began as a Formicid Monk on Oct 14, 2021.
             Was a Priest of Fedhas.
             Blown up by Ijyb (31 damage)
             ... with a mindburst bolt
             ... on level 3 of the Dungeon.
             The game lasted 00:09:16 (3072 turns).

Gabide the Ruffian (Formicid Monk)                  Turns: 3072, Time: 00:09:21

Health: 0/42       AC:  8    Str: 17    XL:     5   Next: 1%
Magic:  5/5        EV: 12    Int:  9    God:    Fedhas [***...]
Gold:   39         SH:  0    Dex: 16    Spells: 4/4 levels left

rFire    + + .     SeeInvis +     - Unarmed
rCold    . . .     Faith    .   (no shield)
rNeg     . . .     Spirit   .   d - +0 leather armour
rPois    .         Reflect  .   (helmet unavailable)
rElec    .         Harm     .   (no cloak)
rCorr    .         Rampage  .   (no gloves)
Will     +....                  f - +0 pair of boots
Stlth    +.........             (no amulet)
HPRegen  0.14/turn              a - ring "Xeiczull" {rF++ Will+ Dex+3 SInv Stlth-}
MPRegen  0.09/turn              i - +4 ring of protection

@: no status effects
A: permanent stasis, dig shafts and tunnels, antennae 3, four strong arms
a: Dig, Shaft Self, Renounce Religion, Wall of Briars, Grow Ballistomycete


You were on level 3 of the Dungeon.
You worshipped Fedhas.
Fedhas was most pleased with you.
You visited 1 branch of the dungeon, and saw 3 of its levels.

You collected 39 gold pieces.

Inventory:

Armour
 d - a +0 leather armour (worn)
 f - a +0 pair of boots (worn)
Magical Staves
 j - a staff of earth
Jewellery
 a - the ring "Xeiczull" (left hand) {rF++ Will+ Dex+3 SInv Stlth-}
   (You acquired it on level 2 of the Dungeon)

   [ring of willpower]

   Dex:       It affects your dexterity (+3).
   rF:        It greatly protects you from fire.
   SInv:      It lets you see invisible.
   Will:      It increases your willpower.
   Stlth:     It makes you less stealthy.
 i - a +4 ring of protection (right hand)
Scrolls
 c - 3 scrolls of identify
 h - a scroll of torment
 k - a scroll of fog {unknown}
Potions
 b - 2 potions of resistance
 e - a potion of heal wounds
 g - a potion of berserk rage {unknown}


   Skills:
 * Level 3.7 Fighting
 + Level 0.6 Armour
 + Level 3.0 Dodging
 - Level 3.1 Stealth
 * Level 4.2 Unarmed Combat
 * Level 1.2 Invocations


You had 4 spell levels left.
You didn't know any spells.
Your spell library contained the following spells:

 Spells                   Type           Power      Damage    Failure   Level
 Sandblast                Erth           0%         2d4       43%         1
 Passwall                 Tmut/Erth      0%         N/A       58%         2
 Lee's Rapid Deconstruct  Erth           0%         3d5*      100%        5


Dungeon Overview and Level Annotations

Branches:
Dungeon (3/15)

Altars:
Fedhas
Wu Jian

Annotations:
D:3 Ijyb


Innate Abilities, Weirdness & Mutations

You cannot be hasted, slowed, berserked, paralysed or teleported.
You can dig through walls and to a lower floor.
You have a pair of large antennae on your head. (SInv)
Your four strong arms can wield two-handed weapons with a shield.


Message History

Found 6 gold pieces.
Found a stone staircase leading down.
c - 3 scrolls of identify (gained 1)
You now have 39 gold pieces (gained 6).
You sense a monster nearby.
Ijyb the Twisted Goblin comes into view.
She is wielding a +0 club and carrying a wand of mindburst (20).
Ijyb zaps a wand.
Your mind is blasted!
Okay, then.
You aren't carrying any items that you can evoke.
Ijyb hits you but does no damage.
You closely miss Ijyb.
Ijyb drinks a potion.
Ijyb seems to grow stronger.
You barely miss Ijyb.
Ijyb zaps a wand.
You resist with some effort.
You closely miss Ijyb. Ijyb closely misses you.
You closely miss Ijyb. Ijyb hits you with a +0 club.
Press: ? - help, Dir - move target, f - Ijyb
Aim: Ijyb, wielding a +0 club, wearing a +0 ring mail and carrying a wand of mindburst (18) (strong) That space is already occupied.
You hit Ijyb. Your punch misses Ijyb.
Ijyb is lightly wounded.
Ijyb completely misses you.
You hit Ijyb.
Ijyb is moderately wounded.
Ijyb hits you with a +0 club.
You hit Ijyb but do no damage.
Ijyb is moderately wounded.
Ijyb hits you but does no damage.
You hit Ijyb.
Ijyb is heavily wounded.
Ijyb screams, "You nasty!
Big nasty!"
Ijyb misses you.
You closely miss Ijyb.
Ijyb is heavily wounded.
Ijyb misses you.
You hit Ijyb. You punch Ijyb, but do no damage.
Ijyb is severely wounded.
Ijyb screams, "I dance on your bones!"
Ijyb zaps a wand.
Your mind is blasted!
Ouch! That really hurt!
You die...
Fedhas appreciates your contribution to the ecosystem.

####.#.#####
#....#.....#
#.########.#
#.# #.# #.#
#.# #.#
#.#######
#.#
#.......#
#.#
#######.#
#.# #@#
#.### #g#
....# #.#
#.#.# #.#
....# #.#
##'######
#.#
.....#..#
#.#
.....##.#
#.#
##'##'..#


You could see Ijyb (strong).

Vanquished Creatures
  4 adders
  A worm (D:2)
  2 dart slugs (D:2)
  8 ball pythons
  4 bats (D:1)
  3 endoplasms
  2 giant cockroaches
  2 goblins
  4 hobgoblins
  11 jackals
  3 kobolds
  A quokka (D:2)
  A frilled lizard (D:1)
  2 rats
48 creatures vanquished.

Notes
Turn   | Place    | Note
-------+----------+-------------------------------------------
     0 | D:1      | Gabide the Formicid Monk began the quest for the Orb.
     0 | D:1      | Reached XP level 1. HP: 18/18 MP: 1/1
   449 | D:1      | Reached XP level 2. HP: 23/24 MP: 2/2
   665 | D:1      | Found a faded altar of an unknown god.
   673 | D:1      | Became a worshipper of Fedhas Madash
   673 | D:1      | Reached * piety under Fedhas
   673 | D:1      | Reached ** piety under Fedhas
   747 | D:1      | Reached *** piety under Fedhas
   759 | D:1      | Reached XP level 3. HP: 7/29 MP: 3/3
  1711 | D:2      | Reached XP level 4. HP: 36/36 MP: 4/4
  1908 | D:2      | Reached skill level 4 in Unarmed Combat
  1908 | D:2      | Reached skill level 1 in Invocations
  2583 | D:2      | Identified a scroll of acquirement
  2585 | D:2      | Acquired the ring "Xeiczull" {rF++ Will+ Dex+3 SInv Stlth-}
  2812 | D:3      | Found an ornate altar of the Wu Jian Council.
  2919 | D:3      | Reached XP level 5. HP: 41/42 MP: 5/5
  3060 | D:3      | Noticed Ijyb
  3072 | D:3      | Blown up by Ijyb

Illustrated notes

Levels and vault maps discovered:
D:1:      ncdulo_lavacross, layout_basic, shapermc_ecumenical_altar_mp_highgroup
D:2:      layout_loops_ring, serial_rivers, chequers_serial_rivers_micro_e,
          chequers_serial_rivers_micro_b, chequers_serial_rivers_micro_c,
          chequers_serial_rivers_micro_a, hangedman_decor_points,
          kennysheep_generic_room_6
D:3:      minmay_octagon_keep, layout_basic, nicolae_uskayaw_en_pointe,
          mainiacjoe_overflow_24_doors, uniq_ijyb

Skill      XL: |  1  2  3  4 |
---------------+-------------+-----
Stealth        | 3 |  3.1
Dodging        | 3 |  3.0
Unarmed Combat | 4 |  4.2
Invocations    | 1 |  1.2
Fighting       | |  3.7
Armour         | |  0.6

Action                   |  1- 3 |  4- 6 || total
-------------------------+-------+-------++-------
Melee: Unarmed           |   139 |    68 ||   207
       Punch             |     2 |     2 ||     4
  Use: Scroll            |     2 |     4 ||     6
 Stab: Sleeping          |    10 |     2 ||    12
Armor: Robe              |     6 |       ||     6
       Leather armour    |    50 |    20 ||    70
Dodge: Dodged            |   106 |    37 ||   143
